 Dungeon Crawl Stone Soup version 0.26-a0-808-g930a2b7adc (console) character file.

Game seed: 5842195295427431044

222 Ignak the Ogre Mage (level 5, -2/57 HPs)
             Began as an Ogre Hedge Wizard on Nov 12, 2020.
             Slain by a leopard gecko (3 damage)
             ... on level 4 of the Dungeon.
             The game lasted 00:09:39 (4735 turns).

Ignak the Ogre Mage (Ogre Hedge Wizard)             Turns: 4735, Time: 00:09:39

Health: -2/57      AC:  6    Str: 15    XL:     5   Next: 99%
Magic:  1/11       EV: 10    Int: 15    God:
Gold:   149        SH:  0    Dex:  8    Spells: 4/13 levels left

rFire    + . .     SeeInvis .   q - +2 whip (flame)
rCold    . . .     Faith    .   (no shield)
rNeg     . . .     Spirit   .   d - +0 robe
rPois    .         Reflect  .   c - +0 hat
rElec    .         Harm     .   j - +2 cloak
rCorr    +         Rampage  .   (gloves unavailable)
MR       .....                  (boots unavailable)
Stlth    +.........             (no amulet)
HPRegen  0.19/turn              m - ring of protection from fire
MPRegen  0.12/turn              n - ring of resist corrosion

@: mighty, lethally poisoned (-2 -> -4), hasted, very quick
A: large, unfitting armour, deterioration 1, robust 1, tough skin 1
a: no special abilities


You were on level 4 of the Dungeon.
You visited 1 branch of the dungeon, and saw 4 of its levels.

You collected 149 gold pieces.

Inventory:

Hand Weapons
 b - a +4 hunting sling
 q - a +2 whip of flaming (weapon)
Missiles
 o - 93 stones (quivered)
Armour
 c - a +0 hat (worn)
 d - a +0 robe (worn)
 j - a +2 cloak (worn)
Jewellery
 m - a ring of protection from fire (left hand)
 n - a ring of resist corrosion (right hand)
Wands
 a - a wand of digging (2)
Scrolls
 e - a scroll of remove curse {unknown}
 f - 3 scrolls of fear {unknown}
 g - 4 scrolls of identify
 i - 2 scrolls of noise {unknown}
 l - a scroll of fog {unknown}


   Skills:
 + Level 2.8 Fighting
 + Level 1.5 Maces & Flails
 + Level 2.8 Dodging
 - Level 1.4 Stealth
 - Level 1.2 Unarmed Combat
 + Level 4.5 Spellcasting
 + Level 2.2 Conjurations
 - Level 1.0 Summonings
 - Level 1.1 Translocations


You had 4 spell levels left.
You knew the following spells:

 Your Spells              Type           Power        Failure   Level
a - Magic Dart            Conj           ##..         7%          1
b - Blink                 Tloc           N/A          17%         2
d - Mephitic Cloud        Conj/Pois/Air  #.......     36%         3
e - Call Imp              Summ           #.......     17%         2
z - Animate Skeleton      Necr           #.....       17%         1

Your spell library contained the following spells:

 Spells                   Type           Power        Failure   Level
 Apportation              Tloc           #.....       11%         1
 Summon Small Mammal      Summ           #...         12%         1
 Corona                   Hex            #......      17%         1
 Slow                     Hex            #.......     26%         2
 Conjure Flame            Conj/Fire      #.......     32%         3


Dungeon Overview and Level Annotations

Branches:
Dungeon (4/15)             Temple (0/1) D:4

Altars:

Annotations:
D:4 Edmund, Eustachio


Innate Abilities, Weirdness & Mutations

You are too large for most types of armour.
You have tough skin. (AC +1)
Your body sometimes deteriorates upon taking damage.
You are robust. (+10% HP)


Message History

* * * LOW HITPOINT WARNING * * *
You feel sick.
The orc priest miscasts a cantrip.
The leopard gecko bites you.
* * * LOW HITPOINT WARNING * * *
The orc barely misses you.
It was a potion of might.
You feel very mighty all of a sudden.
The leopard gecko completely misses you.
The orc priest begins to cast a cantrip, but forgets the words!
Your crimson imp blinks!
The orc barely misses you.
Okay, then.
* * * LOW HITPOINT WARNING * * *
You feel sick.
It was a potion of haste.
You feel yourself speed up.
* * * LOW HITPOINT WARNING * * *
You feel sick. The orc hits you but does no damage.
The leopard gecko bites you.
You die...

. .# # ##.#. .##
....##..# ###
#.#...... #.#
#........ .# #.##
#.....# ... #..#
#.....##. .... #.[#
##@.......
....###..###l.....##.
.......5@SOoo...>.#
....#..ยง.##.##....#
# ##..##.. #..>..
#...##.# ...?..
##...##. ..####
#...##.. ..# #...##..


You could see an ogre, an orc priest, an orc and a leopard gecko.

Vanquished Creatures
  A hound (D:2)
  A bullfrog skeleton (D:3)
  Jessica (D:3)
  Robin (D:3)
  2 adders (D:3)
  2 worms (D:3)
  3 dart slugs
  3 leopard geckos
  2 ball pythons (D:2)
  3 giant cockroaches
  22 goblins
  4 hobgoblins
  10 jackals
  8 kobolds
  4 bats
  A frilled lizard (D:3)
  A leopard gecko zombie (D:3)
  5 rats
74 creatures vanquished.

Vanquished Creatures (collateral kills)
  An adder (D:3)
  An adder skeleton (D:4)
  A worm (D:2)
  A dart slug (D:2)
  3 giant cockroaches
  3 hobgoblins
  2 jackals (D:1)
  A quokka (D:4)
  A bat (D:1)
  A frilled lizard (D:1)
  5 goblins
  4 kobolds
24 creatures vanquished.

Grand Total: 98 creatures vanquished

Notes
Turn   | Place    | Note
-------+----------+-------------------------------------------
     0 | D:1      | Ignak the Ogre Hedge Wizard began the quest for the Orb.
     0 | D:1      | Reached XP level 1. HP: 16/16 MP: 5/5
    90 | D:1      | Reached skill level 1 in Conjurations
   111 | D:1      | Reached XP level 2. HP: 6/26 MP: 0/6
   375 | D:1      | Learned a level 2 spell: Blink
   378 | D:1      | Learned a level 2 spell: Call Imp
   490 | D:1      | Reached skill level 1 in Fighting
   500 | D:1      | HP: 1/27 [goblin (4)]
  1043 | D:1      | Reached XP level 3. HP: 26/33 MP: 6/8
  1209 | D:1      | Learned a level 3 spell: Mephitic Cloud
  1635 | D:2      | Reached skill level 1 in Unarmed Combat
  1635 | D:2      | Reached skill level 4 in Spellcasting
  1686 | D:2      | Reached XP level 4. HP: 42/42 MP: 7/10
  2469 | D:3      | Reached skill level 1 in Summonings
  2844 | D:3      | Noticed Jessica
  2848 | D:3      | Killed Jessica
  2848 | D:3      | Reached skill level 1 in Maces & Flails
  2848 | D:3      | Reached skill level 1 in Translocations
  2848 | D:3      | Reached XP level 5. HP: 49/49 MP: 7/11
  3034 | D:3      | Learned a level 1 spell: Animate Skeleton
  4420 | D:3      | Noticed Robin
  4463 | D:3      | Killed Robin
  4711 | D:4      | Noticed Eustachio
  4713 | D:4      | Noticed an ogre
  4721 | D:4      | Noticed Edmund
  4731 | D:4      | Found a staircase to the Ecumenical Temple.
  4732 | D:4      | Gained mutation: Your body sometimes deteriorates upon
                  | taking damage. [potion of mutation]
  4732 | D:4      | Gained mutation: You are robust. (+10% HP) [potion of
                  | mutation]
  4734 | D:4      | HP: 2/57 [poisoned by an adder]
  4735 | D:4      | Slain by a leopard gecko

Illustrated notes

Levels and vault maps discovered:
D:1:      dpeg_arrival_water_temple_mockup, layout_loops_ring
D:2:      layout_loops_corners
D:3:      kennysheep_goblin_castle, layout_basic, uniq_jessica
D:4:      layout_rooms, minmay_temple_entry_proselytizer, serial_curves,
          eino_curves_03, eino_curves_04, uniq_edmund, uniq_menkaure,
          uniq_eustachio

Skill      XL: |  1  2  3  4  5 |
---------------+----------------+-----
Conjurations   | 1 2 |  2.2
Dodging        | 2 |  2.8
Fighting       | 1 2 |  2.8
Unarmed Combat | 1 |  1.2
Spellcasting   | 4 |  4.5
Summonings     | 1 |  1.0
Maces & Flails | 1 |  1.5
Translocations | 1 |  1.1
Stealth        | |  1.4

Action                   |  1- 3 |  4- 6 || total
-------------------------+-------+-------++-------
Melee: Spear             |    98 |    21 ||   119
       Punch             |     1 |     1 ||     2
       Hand axe          |       |    49 ||    49
       Whip              |       |    74 ||    74
 Fire: Hunting sling     |       |    28 ||    28
 Cast: Magic Dart        |     4 |     1 ||     5
       Call Imp          |    17 |    16 ||    33
       Mephitic Cloud    |       |     6 ||     6
       Blink             |       |     1 ||     1
  Use: Scroll            |       |     4 ||     4
       Potion            |       |     3 ||     3
 Stab: Sleeping          |       |     3 ||     3
       Confused          |       |     2 ||     2
Armor: Robe              |    43 |    84 ||   127
Dodge: Dodged            |    65 |   117 ||   182

Table legend: (Time is in decaauts)
 A = Elapsed time spent in this place.
 B = Non-inter-level travel time spent in this place.
 C = Inter-level travel time spent in this place.
 D = Time resting spent in this place.
 E = Time spent auto-exploring this place.
 F = Levels seen in this place.
 G = Mean time per level.
                   A        B        C        D        E       F      G
               +--------+--------+--------+--------+--------+-----+--------+
         Total |   4763 |   4689 |     74 |   1114 |   2538 |   4 | 1190.8 |
       Dungeon |   4763 |   4689 |     74 |   1114 |   2538 |   4 | 1190.8 |
               +--------+--------+--------+--------+--------+-----+--------+

Top non-repeatable levels by time:
     D:3: 2231 daAuts
     D:1: 1421 daAuts
     D:2: 1030 daAuts
     D:4: 81 daAuts
